 Dungeon Crawl Stone Soup version 0.27-a0-1060-gcb85b5eba1 (webtiles) character file.

Game seed: 17925668750005869184

21 snetch the Chopper (level 2, -2/40 HPs)
             Began as a Hill Orc Monk on Apr 21, 2021.
             Slain by an iguana (4 damage)
             ... on level 3 of the Dungeon.
             The game lasted 00:02:04 (685 turns).

snetch the Chopper (Hill Orc Monk)                   Turns: 685, Time: 00:02:04

Health: -2/40      AC: 21    Str: 13    XL:     2   Next: 87%
Magic:  2/2        EV:  2    Int: 10    God:
Gold:   47         SH:  0    Dex: 13    Spells: 1/1 levels left

rFire    . . .     SeeInvis .   a - +0 hand axe
rCold    . . .     Faith    .   (no shield)
rNeg     + + +     Spirit   .   (armour currently unavailable)
rPois    +         Reflect  .   (helmet currently unavailable)
rElec    .         Harm     .   (cloak currently unavailable)
rCorr    .         Rampage  .   (gloves currently unavailable)
Will     .....     NoTele   +   (boots currently unavailable)
Stlth    ++........             (no amulet)
HPRegen  0.13/turn              (no ring)
MPRegen  0.08/turn              (no ring)

@: tree-form
A: stationary, stasis, torment immunity, boosted hp
a: no special abilities


You were on level 3 of the Dungeon.
You were a tree.
You visited 1 branch of the dungeon, and saw 3 of its levels.

You collected 47 gold pieces.

Inventory:

Hand Weapons
 a - a +0 hand axe (weapon)
 e - a +0 spear
Missiles
 d - 42 stones
 f - 13 poisoned darts (quivered)
 g - 11 sling bullets
 h - 26 arrows
 j - 14 bolts
 k - 4 curare-tipped darts
Armour
 c - a +0 ring mail (melded)
 m - a +0 chain mail
Scrolls
 b - a scroll of fog {unknown}
 i - a scroll of torment {unknown}
 l - a scroll of immolation {unknown}
 p - a scroll of identify {unknown}


   Skills:
 + Level 4.1 Fighting
 + Level 4.5 Axes
 + Level 0.2 Armour
 + Level 2.5 Dodging
 + Level 1.5 Stealth


You had one spell level left.
You didn't know any spells.
Your spell library was empty.

Dungeon Overview and Level Annotations

Branches:
Dungeon (3/15)

Altars:

Shops:
D:2 [[[   D:3 !


Message History

You hit the iguana but do no damage.
The iguana is lightly wounded.
You miss the adder. The adder closely misses you. The iguana bites you.
You hit the iguana.
The iguana is lightly wounded.
You hit the adder.
An adder comes into view.
The adder bites you.
You are poisoned.
The adder poisons you! The iguana closely misses you.
The adder hisses angrily.
You slash the iguana!
The iguana is heavily wounded.
You closely miss the adder.
You feel sick. The adder bites you. The iguana bites you!
* * * LOW HITPOINT WARNING * * *
The adder bites you.
* * * LOW HITPOINT WARNING * * *
It was a potion of curing.
You feel better. The iguana bites you!
* * * LOW HITPOINT WARNING * * *
The adder barely misses you.
You hit the iguana but do no damage.
The iguana is heavily wounded.
You hit the adder. The adder bites you but does no damage.
The iguana completely misses you.
Unknown command.
It was a potion of lignification.
You turn into a tree.
Your +0 ring mail melds into your body.
Your roots penetrate the ground.
The adder bites you but does no damage. The iguana bites you.
* * * LOW HITPOINT WARNING * * *
The adder bites you but does no damage.
You hit the adder but do no damage.
The adder is lightly wounded.
You closely miss the iguana. You hit the adder.
The adder bites you but does no damage. x2; The iguana barely misses you.
You hit the iguana but do no damage.
The iguana is heavily wounded.
You barely miss the adder. x2; The adder barely misses you.
The adder bites you but does no damage. The iguana bites you.
You die...

##.......#
.........
.........
........#
#.......# .
#.......#
..######Sl.....#
........♣######
#.......S.......
#.......########
........<.......
#...........####
#...........#
#...........#
#...........#
#...........#


You could see an iguana and 2 adders.

Vanquished Creatures
  An adder (D:2)
  An endoplasm (D:1)
  3 hobgoblins
  3 kobolds
  2 quokkas
  2 rats (D:1)
12 creatures vanquished.

Notes
Turn   | Place    | Note
-------+----------+-------------------------------------------
     0 | D:1      | snetch the Hill Orc Monk began the quest for the Orb.
     0 | D:1      | Reached XP level 1. HP: 19/19 MP: 1/1
   200 | D:2      | Found Ynafupin's Armour Shop.
   274 | D:2      | Found Naujien's Armour Shoppe.
   286 | D:2      | Reached XP level 2. HP: 8/27 MP: 2/2
   291 | D:2      | Found Wessebat's Armour Emporium.
   673 | D:3      | Found Evag Fom's Distillery.
   680 | D:3      | HP: 1/27 [adder (1)]
   685 | D:3      | Slain by an iguana

Illustrated notes

Levels and vault maps discovered:
D:1:      lightli_arrival_boilingwater, layout_loops_ring, minmay_distorted
D:2:      layout_rooms, serial_shops, nicolae_shop_waterfront,
          nicolae_shop_waterfront, shop, shop, nicolae_shop_trees,
          minmay_tetromino_i2
D:3:      layout_basic, grunt_temple_overflow_lords_of_destruction,
          hellmonk_ecumenical_altar_run_dry, portal_sewer_entry_e, serial_shops,
          shop

Skill      XL: |  1 |
---------------+----+-----
Fighting       | 4 |  4.1
Axes           | |  4.5
Armour         | |  0.2
Dodging        | |  2.5
Stealth        | |  1.5

Action                   || total
-------------------------++-------
Melee: Hand axe          ||    59
  Use: Potion            ||     2
Armor: Ring mail         ||    30
       Skin              ||     5
Dodge: Dodged            ||    37

Table legend: (Time is in decaauts)
 A = Elapsed time spent in this place.
 B = Non-inter-level travel time spent in this place.
 C = Inter-level travel time spent in this place.
 D = Time resting spent in this place.
 E = Time spent auto-exploring this place.
 F = Levels seen in this place.
 G = Mean time per level.
                   A        B        C        D        E       F      G
               +--------+--------+--------+--------+--------+-----+--------+
         Total |    692 |    692 |      0 |      0 |    405 |   3 |  230.7 |
       Dungeon |    692 |    692 |      0 |      0 |    405 |   3 |  230.7 |
               +--------+--------+--------+--------+--------+-----+--------+

Top non-repeatable levels by time:
     D:1: 511 daAuts
     D:2: 167 daAuts
     D:3: 13 daAuts
